 Dungeon Crawl Stone Soup version 0.23-a0-395-gcf17ac6 (webtiles) character file.

590 RoseArtemis the Sneak (level 7, -4/32 HPs)
             Began as a Spriggan Enchanter on Nov 1, 2018.
             Was a Follower of Vehumet.
             Slain by Menkaure (22 damage)
             ... on level 4 of the Dungeon.
             The game lasted 00:15:47 (4381 turns).

RoseArtemis the Sneak (Spriggan Enchanter)          Turns: 4381, Time: 00:15:48

Health: -4/32      AC:  4    Str:  4    XL:     7   Next: 15%
Magic:  1/15       EV: 20    Int: 18    God:    Vehumet [*.....]
Gold:   250        SH:  0    Dex: 17    Spells: 10/15 levels left

rFire    . . .     SeeInvis +   a - +3 dagger (flame)
rCold    . . .     Gourm    .   (shield restricted)
rNeg     . . .     Faith    .   b - +2 robe
rPois    .         Spirit   .   (helmet restricted)
rElec    .         Reflect  .   (no cloak)
rCorr    .         Harm     .   (gloves unavailable)
MR       +....                  (boots unavailable)
Stlth    ++++......             (no amulet)
HPRegen  0.10/turn              (no ring)
MPRegen  0.14/turn              (no ring)

@: very slightly contaminated, very quick
A: very small, unfitting armour, see invisible, herbivore, speed 3, slow
metabolism 2
a: Renounce Religion


You were on level 4 of the Dungeon.
You worshipped Vehumet.
Vehumet was aware of your devotion.
You were very hungry.

You visited 1 branch of the dungeon, and saw 4 of its levels.

You collected 250 gold pieces.

Inventory:

Hand Weapons
 a - a +3 dagger of flaming (weapon)
Armour
 b - a +2 robe (worn)
Jewellery
 j - an uncursed amulet of the acrobat {unknown}
 k - an uncursed ring of positive energy {unknown}
 m - a +2 ring of evasion {unknown}
 n - an uncursed ring of protection from magic {unknown}
 o - an uncursed ring of protection from fire {unknown}
 p - a cursed ring of teleportation {unknown}
Scrolls
 c - 2 scrolls of teleportation
 g - a scroll of fog
 t - a scroll of identify {unknown}
Potions
 e - a potion of mutation {unknown}
 f - 2 potions of curing {unknown}
 h - a potion of haste {unknown}
 i - 2 potions of magic {unknown}
 l - a potion of cancellation {unknown}
 q - 2 potions of lignification {unknown}
 r - a potion of degeneration {unknown}
 s - a potion of brilliance {unknown}
Comestibles
 d - 7 rations


   Skills:
 + Level 3.4 Short Blades
 + Level 5.2 Dodging
 + Level 6.6 Stealth
 + Level 4.6 Spellcasting
 * Level 0.8 Conjurations
 - Level 6.1 Hexes


You had 10 spell levels left.
You knew the following spells:

 Your Spells              Type           Power        Failure   Level  Hunger
a - Dazzling Spray        Conj/Hex       ###...       10%         3    ###....
b - Ensorcelled Hibernat  Hex/Ice        ###...       6%          2    #......

Your spell library contained the following spells:

 Spells                   Type           Power        Failure   Level  Hunger
 Sandblast                Erth           #.....       14%         1    None
 Corona                   Hex            ####...      1%          1    None
 Confuse                  Hex            ####....     3%          3    ###....
 Tukima's Dance           Hex            ####....     3%          3    ###....


Dungeon Overview and Level Annotations

Branches:
Dungeon (4/15)
 Temple: D:4-7

Altars:
Fedhas
Vehumet

Annotations:
D:4 Menkaure, Pikel


Innate Abilities, Weirdness & Mutations

You are very small and have problems with some larger weapons.
You are too small for most types of armour.
You have supernaturally acute eyesight. (SInv)
You are a herbivore.
You cover ground extremely quickly.
You need to consume almost no food.


Message History

You miscast Dazzling Spray.
You are very lightly contaminated with residual magic.
Wisps of smoke drift from your hands.
Aim: Menkaure (moderately damaged)
The spray of energy hits Menkaure.
Menkaure calls on the powers of darkness!
Your body is wracked with pain!
Aim: Menkaure (heavily damaged)
The spray of energy hits Menkaure.
Aim: Menkaure (heavily damaged)
You miscast Dazzling Spray.
Nothing appears to happen.
You don't have enough magic to cast that spell.
You hit Menkaure but do no damage. Menkaure barely misses you.
You hit Menkaure but do no damage. Menkaure misses you.
You hit Menkaure. You burn Menkaure. You barely miss Menkaure.
Menkaure breathes soot at you. Menkaure hits you!!
Ouch! That really hurt!
You die...

...≈#.........# #...#
≈...#.........#######...#
.≈.#....................#
..##........<<#####.....#
#############.>.....#..[#
# #####....(.##
#..####.#### #.## #....#
### #@# ####.### #.. #.M#
#...# #.. ..... ####.##
#.. #...#.. ###....####..
.### ##.##
##...........).. ....##..
####...#####.. .......
#### #.. #.....### #..
#....#### #..


You could see Menkaure.

Vanquished Creatures
  Sigmund (D:2)
  A slave (D:4)
  A bullfrog (D:3)
  A scorpion (D:4)
  A hound (D:4)
  Crazy Yiuf (D:3)
  An iguana (D:4)
  2 worker ants
  A hound skeleton (D:4)
  A gnoll (D:1)
  7 adders
  2 worms (D:3)
  3 dart slugs
  4 leopard geckos
  12 orcs
  7 bats
  2 giant cockroaches
  7 hobgoblins
  6 jackals
  2 quokkas
  4 ball pythons
  5 frilled lizards
  8 goblins
  6 kobolds
  8 rats
94 creatures vanquished.

Notes
Turn   | Place    | Note
-------+----------+-------------------------------------------
     0 | D:1      | RoseArtemis the Spriggan Enchanter began the quest for the
                  | Orb.
     0 | D:1      | Reached XP level 1. HP: 9/9 MP: 5/5
   311 | D:1      | Reached XP level 2. HP: 5/13 MP: 2/6
   763 | D:1      | Reached XP level 3. HP: 16/16 MP: 8/8
   777 | D:1      | Learned a level 2 spell: Ensorcelled Hibernation
   781 | D:1      | Learned a level 3 spell: Dazzling Spray
  1139 | D:2      | Found a radiant altar of Vehumet.
  1154 | D:2      | Became a worshipper of Vehumet
  1325 | D:2      | Noticed Sigmund
  1340 | D:2      | Killed Sigmund
  1340 | D:2      | Reached skill level 5 in Stealth
  1340 | D:2      | Reached skill level 5 in Hexes
  1340 | D:2      | Reached XP level 4. HP: 11/21 MP: 8/10
  1340 | D:2      | Reached XP level 5. HP: 13/24 MP: 8/11
  1499 | D:2      | Found a blossoming altar of Fedhas.
  2662 | D:3      | Reached XP level 6. HP: 28/28 MP: 11/13
  2921 | D:3      | Reached * piety under Vehumet
  2921 | D:3      | Offered knowledge of Magic Dart by Vehumet.
  3021 | D:3      | Found a runed door.
  3100 | D:3      | Noticed Crazy Yiuf
  3105 | D:3      | Killed Crazy Yiuf
  3765 | D:4      | Reached skill level 5 in Dodging
  3863 | D:4      | Noticed a slave
  3864 | D:4      | Noticed a slave
  3866 | D:4      | Noticed a slave
  3867 | D:4      | Noticed Pikel
  3876 | D:4      | Killed a slave
  3878 | D:4      | Noticed a slave
  3890 | D:4      | Noticed Menkaure
  4174 | D:4      | Reached XP level 7. HP: 32/32 MP: 14/14
  4302 | D:4      | Offered knowledge of Sandblast by Vehumet.
  4381 | D:4      | Slain by Menkaure

Vault maps used:
D:1:      ncdulo_lavacross
D:2:      vehumet_crystals, fedhas_altar_4, uniq_sigmund
D:3:      first_ration, uniq_crazy_yiuf_cottage
D:4:      hangedman_abyss_or_decor_passed, nzn_random_ring, uniq_menkaure,
          uniq_pikel

Skill      XL: |  1  2  3  4  5  6 |
---------------+-------------------+-----
Spellcasting   | 3 4 |  4.6
Hexes          | 4 5 6 |  6.1
Short Blades   | 2 3 |  3.4
Dodging        | 4 5 |  5.2
Stealth        | 5 6 |  6.6
Conjurations   | |  0.8

Action                   |  1- 3 |  4- 6 |  7- 9 || total
-------------------------+-------+-------+-------++-------
Melee: Dagger            |    98 |   131 |    13 ||   242
 Cast: Corona            |    11 |       |       ||    11
       Ensorcelled Hiber |     5 |    36 |     1 ||    42
       Dazzling Spray    |       |     2 |     3 ||     5
  Use: Scroll            |       |     8 |       ||     8
 Stab: Sleeping          |    12 |    36 |     8 ||    56
       Invisible         |       |     1 |       ||     1
  Eat: Ration            |       |     1 |       ||     1
Armor: Robe              |     5 |     3 |       ||     8
Dodge: Dodged            |    64 |    94 |     3 ||   161

Table legend:
 A = Non-vault XP
 B = Vault XP
 C = Vault XP percentage of total XP
 D = Non-vault monster count
 E = Vault monster count
 F = Vault count percentage of total count
                 A         B        C        D         E       F
            +---------+---------+-------+---------+---------+-------
      Total |     444 |     399 |  47.3 |      81 |      12 |  12.9
            +---------+---------+-------+---------+---------+-------
        D:1 |      51 |       0 |   0.0 |      23 |       0 |   0.0
        D:2 |      70 |     220 |  75.9 |      19 |       1 |   5.0
        D:3 |     224 |      39 |  14.8 |      32 |       1 |   3.0
        D:4 |      99 |     140 |  58.6 |       7 |      10 |  58.8
            +---------+---------+-------+---------+---------+-------
